 Dungeon Sprint DCSS version 0.27-a0-550-ge92ec0ca06 (webtiles) character file.

Game seed: 2803793598413052672

28029 mhtbhm the Phalangite (level 13, -1/142 HPs)
             Began as a Minotaur Fighter on Mar 7, 2021.
             Was a High Priest of Trog.
             Killed from afar by Mara (illusionary) (11 damage)
             ... with a bolt of fire
             ... in the Dungeon (Sprint III: "The Ten Rune Challenge").
             The game lasted 00:10:48 (5766 turns).

mhtbhm the Phalangite (Minotaur Fighter)            Turns: 5766, Time: 00:10:49

Health: -1/142     AC: 15    Str: 25    XL:     13   Next: 7%
Magic:  12/12      EV: 14    Int: 12    God:    Trog [*****.]
Gold:   506        SH: 15    Dex: 11    Spells: 12/12 levels left

rFire    + + .     SeeInvis .   a - +4 demon trident
rCold    . . .     Faith    .   c - +0 kite shield
rNeg     . . .     Spirit   .   b - +1 scale mail "Bumuh" {Int+2}
rPois    +         Reflect  .   (helmet restricted)
rElec    .         Harm     .   (no cloak)
rCorr    .         Rampage  .   (no gloves)
Will     +++..     NoTele   +   r - +2 pair of boots of Hangman {-Cast Int+5} Stlth +.........NoCast +
                                (no amulet)
HPRegen  1.33/turn              s - ring "Xaint" {*Contam rF++ Will+}
MPRegen  0.13/turn              (no ring)

@: mighty, berserk cooldown, regenerating, hasted and slowed
A: horns 2, rugged brown scales 1, poison resistance, retaliatory headbutt
a: Renounce Religion, Berserk, Trog's Hand, Brothers in Arms


You were in the Dungeon.
You worshipped Trog.
Trog was extremely pleased with you.
You visited 1 branch You collected 1885 gold pieces.
You spent 1379 gold pieces at shops.

Inventory:

Hand Weapons
 a - a +4 demon trident (weapon)
Missiles
 f - 6 curare-tipped darts (quivered)
 i - 7 javelins
Armour
 b - the +1 scale mail "Bumuh" (worn) {Int+2}
   (You bought it in a shop in the Dungeon)

   It affects your intelligence (+2).
 c - a +0 kite shield (worn)
 r - the +2 pair of boots of Hangman (worn) {-Cast Int+5}
   (You bought it in a shop in the Dungeon)

   It affects your intelligence (+5).
   It prevents spellcasting.
Jewellery
 s - the ring "Xaint" (left hand) {*Contam rF++ Will+}
   (You bought it in a shop in the Dungeon)

   [ring of willpower]

   It greatly protects you from fire.
   It affects your willpower, your defense against some magical effects.
   It causes magical contamination when unequipped.
Scrolls
 e - a scroll of torment {unknown}
 j - 2 scrolls of blinking
 k - 4 scrolls of identify
 m - a scroll of immolation
 q - a scroll of immolation
Potions
 h - 2 potions of magic
 l - a potion of resistance {unknown}
 n - a potion of invisibility {unknown}
 o - a potion of flight {unknown}
 p - 3 potions of mutation
 u - a potion of curing
Miscellaneous
 d - a tin of tremorstones (2/2)


   Skills:
 + Level 19.4 Fighting
 + Level 21.6 Polearms
 + Level 0.1 Throwing
 + Level 15.5 Armour
 + Level 9.8 Dodging
 + Level 4.6 Stealth
 + Level 18.5 Shields
 + Level 1.4 Evocations


You had 12 spell levels left.
You didn't know any spells.
Your spell library was empty.

Dungeon Overview and Level Annotations

Branches:
Dungeon (1/1)

Altars:
Cheibriados
Dithmenos
Elyvilon
Fedhas
Gozag
Hepliaklqana
Kikubaaqudgha
Makhleb
Nemelex Xobeh
Okawaru
Qazlal
Ru
Sif Muna
Trog
Uskayaw
Vehumet
Wu Jian
Xom
Yredelemnul
Zin
The Shining One
Beogh
Jiyva
Lugonu

Shops:
D ?[[[!?=!(:?([!*[

Annotations:
D Mara


Innate Abilities, Weirdness & Mutations

You have a pair of horns on your head.
You reflexively headbutt those who attack you in melee.
You are partially covered in rugged brown scales. (AC +1, +3% HP)
Your system is resistant to poisons. (rPois)


Message History

You block Mara's attack.
Unknown command.
Mara blinks!
Mhtbhm's illusion hits you!
Mara hits you from afar with a +0 demon trident of venom.
You closely miss mhtbhm's illusion. Your headbutt misses mhtbhm's illusion.
Mhtbhm's illusion is severely wounded.
You hear a shout!
The electric eel shoots out a bolt of lightning at you!
The bolt of electricity hits you!
Unknown command.
You puncture mhtbhm's illusion!
Mhtbhm's illusion is almost dead.
You block mhtbhm's illusion's attack.
The electric eel shoots out a bolt of lightning at you!
The bolt of electricity misses you.
Mara blinks!
You hear a shout!
Mara blinks!
Unknown command.
You puncture mhtbhm's illusion! Your headbutt misses mhtbhm's illusion.
Mhtbhm's illusion is almost dead.
Mhtbhm's illusion hits you!!
* * * LOW HITPOINT WARNING * * *
You puncture mhtbhm's illusion! Your headbutt misses mhtbhm's illusion.
Mhtbhm's illusion is almost dead.
Mara weaves an illusion.
Mara shimmers and seems to become three!
You hit mhtbhm's illusion.
You headbutt mhtbhm's illusion, but do no damage.
Mhtbhm's illusion is almost dead.
Mara gestures at you.
The bolt of fire hits mhtbhm's illusion.
Mhtbhm's illusion resists.
Mhtbhm's illusion dies!
The bolt of fire hits you! You resist.
* * * LOW HITPOINT WARNING * * *
Mara gestures at you.
The bolt of fire hits Mara.
Mara resists.
The bolt of fire hits you! You resist.
You die...

###'##############
##...## ##.....##
#+###.......# ...
+...'.......+ ...
#'###.......#####.R
#≈≈≈##.....##C^.##.≈
#'#'###...###^#..# '##▓
#.#.# ##'####.##@# ..▓
#'#####.≈≈≈)#^##.####.▓
#..'∩∩#.≈≈.#^^##...†..▓
####∩∩#.≈≈)#######R###▓
.###..#..≈.#..'≈R.RR;D▓
...'..'..≈≈'..#≈≈.;.;.▓
.###..#≈≈≈.#..#.≈.≈.≈.▓
## #..#....#..#...≈...▓
# #..####'# #####'###▓


You could see 3 Maras, an electric eel and a friendly cyclops (summoned,
berserk).

Vanquished Creatures
  Sigmund (D)
  Nikola (D)
  Roxanne (D)
  A deep elf annihilator (D)
  Erolcha (D)
  Urug (D)
  A deep elf knight (D)
  2 skeletal warriors (D)
  A lindwurm (D)
  An obsidian statue (D)
  3 deep elf pyromancers (D)
  2 deep elf zephyrmancers (D)
  2 oklob plants (D)
  An orc knight (D)
  4 crystal guardians (D)
  2 statues (D)
  Edmund (D)
  2 cane toads (D)
  A komodo dragon (D)
  A rime drake (D)
  2 anaconda simulacra (D)
  A queen bee (D)
  3 wandering mushrooms (D)
  5 blink frogs (D)
  2 tyrant leeches (D)
  An orc high priest (D)
  2 hornets (D)
  2 slime creatures (D)
  5 redbacks (D)
  A shadow (D)
  A spatial vortex (D)
  A swamp drake (D)
  A necrophage (D)
  5 two-headed ogres (D)
  A water elemental (D)
  A scorpion (D)
  32 killer bees (D)
  A jelly (D)
  6 orc priests (D)
  A wizard (D)
  Jessica (D)
  An orc wizard (D)
  A necromancer (D)
  3 humans (D)
  A kobold demonologist (D)
  2 oozes (D)
  6 orcs (D)
  A rat (D)
  2 ball lightnings (D)
  2 ballistomycete spores (D)
124 creatures vanquished.

Vanquished Creatures (collateral kills)
  A mummy priest (D)
  2 orc priests (D)
  An orc wizard (D)
  4 orcs (D)
8 creatures vanquished.

Vanquished Creatures (others)
  A shadow wraith (D)
  2 statues (D)
  A molten gargoyle (D)
  4 ball lightnings (D)
  14 plants (D)
22 creatures vanquished.

Grand Total: 154 creatures vanquished

Notes
Turn   | Place    | Note
-------+----------+-------------------------------------------
     0 | D        | mhtbhm the Minotaur Fighter began the quest for the Orb.
     0 | D        | Reached XP level 1. HP: 19/19 MP: 0/0
     9 | D        | Reached XP level 2. HP: 26/28 MP: 1/1
    32 | D        | Noticed Jessica
    38 | D        | Killed Jessica
    39 | D        | Reached skill level 5 in Fighting
    39 | D        | Reached skill level 3 in Polearms
    39 | D        | Reached skill level 5 in Armour
    39 | D        | Reached skill level 5 in Shields
    39 | D        | Reached XP level 3. HP: 30/36 MP: 2/2
   103 | D        | Noticed a scorpion
   115 | D        | Killed a scorpion
   116 | D        | Reached skill level 4 in Polearms
   116 | D        | Reached XP level 4. HP: 21/47 MP: 3/3
   187 | D        | Gained mutation: Your system is resistant to poisons.
                  | (rPois) [potion of mutation]
   187 | D        | Gained mutation: You are partially covered in rugged brown
                  | scales. (AC +1, +3% HP) [potion of mutation]
   270 | D        | Noticed a water elemental
   279 | D        | HP: 2/48 [water elemental (10)]
   281 | D        | Killed a water elemental
   282 | D        | Reached skill level 5 in Polearms
   282 | D        | Reached XP level 5. HP: 1/54 MP: 4/4
   573 | D        | Found a hide-covered altar of Uskayaw.
   573 | D        | Found an iron altar of Okawaru.
   573 | D        | Found a bloodstained altar of Trog.
   573 | D        | Found an ornate altar of the Wu Jian Council.
   573 | D        | Noticed a human
   573 | D        | Noticed a human
   576 | D        | Killed a human
   577 | D        | Reached skill level 7 in Polearms
   577 | D        | Reached skill level 1 in Dodging
   577 | D        | Reached XP level 6. HP: 64/64 MP: 5/5
   583 | D        | Killed a human
   584 | D        | Reached skill level 8 in Polearms
   622 | D        | Became a worshipper of Trog the Wrathful
   646 | D        | Found a glowing silver altar of Zin.
   646 | D        | Found a glowing golden altar of the Shining One.
   646 | D        | Found a white marble altar of Elyvilon.
   646 | D        | Noticed a deep elf pyromancer
   661 | D        | Killed a deep elf pyromancer
   662 | D        | Reached skill level 10 in Polearms
   662 | D        | Reached skill level 10 in Armour
   662 | D        | Reached skill level 1 in Stealth
   662 | D        | Reached XP level 7. HP: 42/76 MP: 6/6
   862 | D        | Found a radiant altar of Vehumet.
   862 | D        | Found a shimmering blue altar of Sif Muna.
   862 | D        | Found an ancient bone altar of Kikubaaqudgha.
   867 | D        | Reached * piety under Trog
   876 | D        | Reached skill level 10 in Shields
   901 | D        | Found a basalt altar of Yredelemnul.
   901 | D        | Found a shadowy altar of Dithmenos.
   901 | D        | Found a sacrificial altar of Ru.
   905 | D        | Reached ** piety under Trog
   943 | D        | Noticed a shadow
   945 | D        | Killed a shadow
   946 | D        | Reached skill level 11 in Polearms
   946 | D        | Reached XP level 8. HP: 84/84 MP: 7/7
   947 | D        | Reached *** piety under Trog
   953 | D        | Found a blossoming altar of Fedhas.
   953 | D        | Found a stormy altar of Qazlal.
   953 | D        | Found a snail-covered altar of Cheibriados.
   953 | D        | Found a burning altar of Makhleb.
   953 | D        | Found a shimmering altar of Xom.
   954 | D        | Found a hazy altar of Hepliaklqana.
   954 | D        | Found an opulent altar of Gozag.
   954 | D        | Found a sparkling altar of Nemelex Xobeh.
   954 | D        | Found a corrupted altar of Lugonu.
   954 | D        | Found a viscous altar of Jiyva.
   993 | D        | Reached skill level 12 in Polearms
   996 | D        | Reached **** piety under Trog
  1148 | D        | Noticed a two-headed ogre
  1163 | D        | Killed a two-headed ogre
  1164 | D        | Reached skill level 13 in Polearms
  1427 | D        | Noticed a two-headed ogre
  1427 | D        | Noticed Erolcha
  1435 | D        | Killed Erolcha
  1436 | D        | Reached skill level 14 in Polearms
  1436 | D        | Reached XP level 9. HP: 94/94 MP: 8/8
  1442 | D        | Killed a two-headed ogre
  1449 | D        | Reached ***** piety under Trog
  1450 | D        | Reached skill level 15 in Polearms
  1502 | D        | Noticed a wandering mushroom
  1506 | D        | Noticed a wandering mushroom
  1516 | D        | Killed a wandering mushroom
  1517 | D        | Noticed a wandering mushroom
  1532 | D        | Killed a wandering mushroom
  1538 | D        | Killed a wandering mushroom
  1601 | D        | Noticed Sigmund
  1601 | D        | Noticed Edmund
  1616 | D        | Killed Edmund
  1617 | D        | Reached skill level 16 in Polearms
  1617 | D        | Reached XP level 10. HP: 92/105 MP: 9/9
  1630 | D        | Killed Sigmund
  1631 | D        | Reached skill level 15 in Fighting
  1631 | D        | Reached skill level 18 in Polearms
  1790 | D        | Noticed a cane toad
  1790 | D        | Noticed a cane toad
  1794 | D        | Killed a cane toad
  1794 | D        | Received a gift from Trog
  1799 | D        | Killed a cane toad
  1800 | D        | Reached XP level 11. HP: 115/115 MP: 10/10
  1885 | D        | Reached ****** piety under Trog
  2076 | D        | Noticed a lindwurm
  2091 | D        | Killed a lindwurm
  2092 | D        | Reached skill level 19 in Polearms
  2360 | D        | Received a gift from Trog
  2361 | D        | Noticed Urug
  2366 | D        | Killed Urug
  2698 | D        | Noticed an orc knight
  2701 | D        | Received a gift from Trog
  2707 | D        | Killed an orc knight
  2713 | D        | Found Caxued's Magic Scroll Emporium.
  2717 | D        | Received a gift from Trog
  2804 | D        | Bought a scroll of blinking for 97 gold pieces
  2804 | D        | Bought a scroll of immolation for 45 gold pieces
  2807 | D        | Noticed a deep elf pyromancer
  2807 | D        | Noticed a deep elf zephyrmancer
  2807 | D        | Noticed a deep elf zephyrmancer
  2807 | D        | Noticed a deep elf pyromancer
  2807 | D        | Noticed a deep elf knight
  2823 | D        | Killed a deep elf zephyrmancer
  2826 | D        | Killed a deep elf pyromancer
  2826 | D        | Received a gift from Trog
  2827 | D        | Reached skill level 15 in Shields
  2837 | D        | Killed a deep elf knight
  2843 | D        | Killed a deep elf zephyrmancer
  2844 | D        | Reached skill level 20 in Polearms
  2848 | D        | Noticed a deep elf annihilator
  2851 | D        | Killed a deep elf pyromancer
  2889 | D        | Noticed a deep elf high priest
  2890 | D        | Noticed a deep elf demonologist
  2893 | D        | Noticed a balrug
  3092 | D        | Noticed a deep elf master archer
  3092 | D        | Noticed a deep elf annihilator
  3092 | D        | Noticed a deep elf annihilator
  3224 | D        | Noticed a deep elf death mage
  3242 | D        | Killed a deep elf annihilator
  3242 | D        | Identified the +7 spear of Fortitude {vorpal, rF+} (Trog
                  | gifted it to you in the Dungeon)
  3242 | D        | Received a gift from Trog
  3555 | D        | Reached XP level 12. HP: 128/128 MP: 11/11
  3560 | D        | Received a gift from Trog
  3578 | D        | Received a gift from Trog
  3599 | D        | Received a gift from Trog
  3738 | D        | Received a gift from Trog
  4260 | D        | Received a gift from Trog
  4312 | D        | Found Innofub's Book Emporium.
  4312 | D        | Found Fireu's Antique Weapon Shop.
  4312 | D        | Found Meetaiv's Antique Armour Shoppe.
  4312 | D        | Found Kothaow's Weapon Boutique.
  4312 | D        | Found Kaorph's Magic Scroll Emporium.
  4312 | D        | Found Zazergh's Distillery.
  4312 | D        | Found Ybiaklin's General Store.
  4312 | D        | Found Yshriteumu's Jewellery Shop.
  4312 | D        | Found Pycezec's Distillery.
  4312 | D        | Found Haru's Magic Scroll Emporium.
  4312 | D        | Found Doviseuwn's Antique Armour Boutique.
  4345 | D        | Bought a pair of twisted boots for 237 gold pieces
  4345 | D        | Identified the +2 pair of boots of Hangman {-Cast Int+5}
                  | (You bought it in a shop in the Dungeon)
  4356 | D        | Bought a glimmering scale mail for 225 gold pieces
  4356 | D        | Identified the +1 scale mail "Bumuh" {Int+2} (You bought it
                  | in a shop in the Dungeon)
  4365 | D        | Bought the ring "Xaint" {*Contam rF++ Will+} for 570 gold
                  | pieces
  4367 | D        | Bought a potion of might for 48 gold pieces
  4367 | D        | Bought a potion of heal wounds for 60 gold pieces
  4371 | D        | Bought a scroll of blinking for 97 gold pieces
  4777 | D        | Reached skill level 1 in Evocations
  4955 | D        | Found Papt's Armour Emporium.
  4955 | D        | Found Balayf's Armour Shop.
  4955 | D        | Found Oqaemext's Armour Shop.
  4955 | D        | Found Tudaw's Distillery.
  4968 | D        | Noticed a mummy priest
  4977 | D        | Killed a mummy priest
  4977 | D        | Received a gift from Trog
  5203 | D        | Noticed Roxanne
  5484 | D        | Killed Roxanne
  5485 | D        | Reached skill level 21 in Polearms
  5485 | D        | Reached skill level 15 in Armour
  5632 | D        | Received a gift from Trog
  5655 | D        | Noticed a storm dragon
  5657 | D        | Noticed Nikola
  5700 | D        | Noticed Mara
  5738 | D        | Killed Nikola
  5738 | D        | Noticed mhtbhm's illusion
  5739 | D        | Reached XP level 13. HP: 139/142 MP: 12/12
  5766 | D        | Killed from afar by Mara (illusionary)

Illustrated notes

Levels and vault maps discovered:
D:        dungeon_sprint_mu [sprint_mu_entry_forest, sprint_mu_temple_rooms,
          sprint_mu_d1_spiders, sprint_mu_d2_genie, sprint_mu_d3_branching,
          sprint_mu_orc_legion, sprint_mu_elf_gauntlet, sprint_mu_hive_nellie,
          sprint_mu_lair_fedhas, sprint_mu_vaults_butterflies,
          sprint_mu_slime_circle, sprint_mu_swamp_cave, sprint_mu_shoals_archi,
          sprint_mu_blade_basic, sprint_mu_crypt_fortress,
          sprint_mu_tomb_spiral, sprint_mu_vestibule_basic,
          sprint_mu_gehenna_hellfire, sprint_mu_dis_giant,
          sprint_mu_tartarus_statrot, sprint_mu_cocytus_islands, sprint_mu_zot1]

Skill      XL: |  1  2  3  4  5  6  7  8  9 10 11 12 |
---------------+-------------------------------------+-----
Fighting       | 4 5 7 9 11 12 13 15 17 19 | 19.4
Armour         | 4 5 6 7 8 10 11 12 13 15 | 15.5
Shields        | 4 5 6 7 8 9 10 11 12 13 15 18 | 18.5
Polearms       | 3 4 5 7 10 11 14 16 18 20 21 | 21.6
Dodging        | 1 2 3 4 6 7 9 |  9.8
Stealth        | 1 2 3 4 |  4.6
Evocations     | 1 |  1.4
Throwing       | |  0.1

Action                   |  1- 3 |  4- 6 |  7- 9 | 10-12 | 13-15 || total
-------------------------+-------+-------+-------+-------+-------++-------
Melee: Trident           |    29 |    26 |   115 |    87 |       ||   257
       Headbutt          |     6 |     2 |    24 |    79 |     3 ||   114
       Demon trident     |       |       |       |   319 |    13 ||   332
Throw: Dart              |       |       |       |     1 |       ||     1
Invok: Berserk           |       |       |     5 |    16 |       ||    21
       Brothers in Arms  |       |       |       |     3 |     2 ||     5
       Trog's Hand       |       |       |       |     1 |     1 ||     2
Evoke: Tin of tremorston |       |       |       |     3 |       ||     3
  Use: Potion            |       |     5 |       |     1 |     3 ||     9
       Scroll            |       |       |       |       |     1 ||     1
Armor: Scale mail        |     5 |     4 |     6 |    49 |     1 ||    65
Dodge: Dodged            |     8 |     6 |     8 |    73 |     2 ||    97
Block: Kite shield       |    11 |     3 |    25 |   157 |     2 ||   198

Table legend: (Time is in decaauts)
 A = Elapsed time spent in this place.
 B = Non-inter-level travel time spent in this place.
 C = Inter-level travel time spent in this place.
 D = Time resting spent in this place.
 E = Time spent auto-exploring this place.
 F = Levels seen in this place.
 G = Mean time per level.
                   A        B        C        D        E       F      G
               +--------+--------+--------+--------+--------+-----+--------+
         Total |   5775 |   5775 |      0 |   4368 |      1 |   1 | 5775.0 |
       Dungeon |   5775 |   5775 |      0 |   4368 |      1 |   1 | 5775.0 |
               +--------+--------+--------+--------+--------+-----+--------+

Top non-repeatable levels by time:
       D: 5775 daAuts
